 Dungeon Crawl Stone Soup version 0.27-a0-1358-ga0a28fc8c3 (webtiles) character file.

Game seed: 6473759228085047283

72 Gargoyl the Skirmisher (level 4, -3/41 HPs)
             Began as a Gnoll Abyssal Knight on June 28, 2021.
             Was a Follower of Lugonu.
             Slain by a sky beast (6 damage)
             ... on level 3 of the Dungeon.
             The game lasted 00:02:16 (2236 turns).

Gargoyl the Skirmisher (Gnoll Abyssal Knight)       Turns: 2236, Time: 00:02:17

Health: -3/41      AC:  3    Str: 12    XL:     4   Next: 25%
Magic:  7/7        EV: 12    Int: 11    God:    Lugonu [*.....]
Gold:   87         SH:  0    Dex: 12    Spells: 5/5 levels left

rFire    + . .     SeeInvis .   a - +1 hand axe (protect)
rCold    . . .     Faith    .   (no shield)
rNeg     . . .     Spirit   .   b - +0 leather armour
rPois    .         Reflect  .   (no helmet)
rElec    .         Harm     .   (no cloak)
rCorr    .         Rampage  .   (no gloves)
Will     .....                  (no boots)
Stlth    +.........             (no amulet)
HPRegen  0.13/turn              g - ring of protection from fire
MPRegen  0.10/turn              (no ring)

@: mighty
A: fangs 1, strong nose, distributed training
a: Renounce Religion, Depart the Abyss


You were on level 3 of the Dungeon.
You worshipped Lugonu.
Lugonu was aware of your devotion.
You visited 1 branch of the dungeon, and saw 3 of its levels.
You visited the Abyss 1 time.

You collected 87 gold pieces.

Inventory:

Hand Weapons
 a - a +1 hand axe of protection (weapon)
Armour
 b - a +0 leather armour (worn)
Jewellery
 g - a ring of protection from fire (left hand)
Scrolls
 c - a scroll of summoning
 e - a scroll of fear
Potions
 f - a potion of heal wounds {unknown}


   Skills:
 + Level 6.6 Fighting
 + Level 1.1 Short Blades
 + Level 1.1 Long Blades
 + Level 4.6 Axes
 + Level 1.1 Maces & Flails
 + Level 1.1 Polearms
 + Level 1.1 Staves
 + Level 1.1 Slings
 + Level 1.1 Bows
 + Level 1.1 Crossbows
 + Level 1.1 Throwing
 + Level 4.6 Armour
 + Level 2.7 Dodging
 + Level 1.1 Stealth
 + Level 1.1 Shields
 + Level 1.1 Unarmed Combat
 + Level 1.1 Spellcasting
 + Level 0.8 Conjurations
 + Level 0.8 Hexes
 + Level 0.8 Summonings
 + Level 0.8 Necromancy
 + Level 0.8 Translocations
 + Level 0.8 Transmutations
 + Level 0.8 Fire Magic
 + Level 0.8 Ice Magic
 + Level 0.8 Air Magic
 + Level 0.8 Earth Magic
 + Level 0.8 Poison Magic
 + Level 4.7 Invocations
 + Level 1.1 Evocations


You had 5 spell levels left.
You didn't know any spells.
Your spell library was empty.

Dungeon Overview and Level Annotations

Branches:
Dungeon (3/15)

Altars:

Shops:
D:2 *


Innate Abilities, Weirdness & Mutations

You have very sharp teeth.
Your uncanny sense of smell can sniff out nearby items.
Your experience applies equally to all skills.


Message History

You hit the sky beast.
Your weapon exudes an aura of protection.
The sky beast is lightly wounded.
The sky beast hits you but does no damage.
You hit the sky beast.
You bite the sky beast, but do no damage.
The sky beast is lightly wounded.
The sky beast barely misses you.
You slash the sky beast!
The sky beast is heavily wounded.
The sky beast hits you but does no damage.
You closely miss the sky beast.
The sky beast is heavily wounded.
The sky beast hits you. The sky beast shocks you.
You closely miss the sky beast.
The sky beast is heavily wounded.
The sky beast hits you but does no damage.
You hit the sky beast.
The sky beast is severely wounded.
The sky beast flickers out of sight!
Deactivating autopickup; reactivate with Ctrl-A.
Something completely misses you.
You miss something. Something hits you but does no damage.
You hit something but do no damage. Something hits you. Something shocks you.
You closely miss something. Something hits you but does no damage.
Something completely misses you.
Unknown command.
It was a potion of might.
You feel very mighty all of a sudden. Something hits you but does no damage.
You barely miss something. Something hits you. Something shocks you.
* * * LOW HITPOINT WARNING * * *
You barely miss something. Something hits you.
* * * LOW HITPOINT WARNING * * *
Something shocks you.
* * * LOW HITPOINT WARNING * * *
You closely miss something. Something hits you.
* * * LOW HITPOINT WARNING * * *
Something shocks you.
You die...

# #≈ # #≈##.#### #.
#≈≈##≈≈≈###### #.#
#≈#.≈.......# #..###
#≈≈.≈.......# ##...###
#≈≈....<....
#......####≈.......≈.
#).{@....#...†....≈≈.
#............†.....≈.
#....≈≈≈≈.##...≈≈≈.....
...##....≈.###≈≈≈......#
.. ...≈≈≈≈..#≈≈........#
# ########..≈≈....≈≈....
#..#.≈≈≈..≈≈.#.
##.##..≈.##≈≈.. # ...≈##
##..


There were no monsters in sight!

Vanquished Creatures
  3 adders
  A dart slug (D:1)
  4 endoplasms (D:1)
  3 giant cockroaches
  A goblin (D:2)
  3 hobgoblins
  4 jackals (D:1)
  6 ball pythons
  4 bats
  4 frilled lizards
  6 kobolds
  5 rats
44 creatures vanquished.

Notes
Turn   | Place    | Note
-------+----------+-------------------------------------------
     0 | Abyss:1  | Gargoyl the Gnoll Abyssal Knight began the quest for the
                  | Orb.
     0 | Abyss:1  | Reached XP level 1. HP: 23/23 MP: 3/3
    20 | Abyss:1  | Found a shimmering blue altar of Sif Muna.
    20 | Abyss:1  | Noticed a shadow demon
    20 | Abyss:1  | Noticed a boggart
    22 | Abyss:1  | Noticed an orc high priest
    23 | Abyss:1  | Noticed a kobold demonologist
    25 | D:1      | Escaped the Abyss
   294 | D:1      | Reached XP level 2. HP: 14/29 MP: 5/5
   476 | D:1      | Reached * piety under Lugonu
   877 | D:1      | Reached XP level 3. HP: 34/35 MP: 6/6
  1682 | D:2      | Found Hohoera's General Store.
  1802 | D:2      | Reached skill level 1 in Short Blades
  1802 | D:2      | Reached skill level 1 in Long Blades
  1802 | D:2      | Reached skill level 1 in Maces & Flails
  1802 | D:2      | Reached skill level 1 in Polearms
  1802 | D:2      | Reached skill level 1 in Staves
  1802 | D:2      | Reached skill level 1 in Slings
  1802 | D:2      | Reached skill level 1 in Bows
  1802 | D:2      | Reached skill level 1 in Crossbows
  1802 | D:2      | Reached skill level 1 in Throwing
  1802 | D:2      | Reached skill level 1 in Stealth
  1802 | D:2      | Reached skill level 1 in Shields
  1802 | D:2      | Reached skill level 1 in Unarmed Combat
  1802 | D:2      | Reached skill level 1 in Spellcasting
  1802 | D:2      | Reached skill level 1 in Evocations
  1802 | D:2      | Reached XP level 4. HP: 38/41 MP: 7/7
  2000 | D:2      | Found a faded altar of an unknown god.
  2219 | D:3      | Noticed a sky beast
  2236 | D:3      | Slain by a sky beast

Illustrated notes

Levels and vault maps discovered:
D:1:      dpeg_arrival_prison, layout_loops_ring
D:2:      layout_loops_ring, serial_shops, shop, basic_ecumenical_altar
D:3:      layout_rooms, lemuel_crystal_altar, serial_rivers,
          chequers_serial_rivers_micro_c, chequers_serial_rivers_large_b,
          chequers_serial_rivers_small_b, chequers_serial_rivers_large_a,
          chequers_serial_rivers_small_b, chequers_serial_rivers_micro_d,
          patterned_corridor

Skill      XL: |  1  2  3 |
---------------+----------+-----
Short Blades   | 1 |  1.1
Long Blades    | 1 |  1.1
Maces & Flails | 1 |  1.1
Polearms       | 1 |  1.1
Staves         | 1 |  1.1
Slings         | 1 |  1.1
Bows           | 1 |  1.1
Crossbows      | 1 |  1.1
Throwing       | 1 |  1.1
Stealth        | 1 |  1.1
Shields        | 1 |  1.1
Unarmed Combat | 1 |  1.1
Spellcasting   | 1 |  1.1
Evocations     | 1 |  1.1
Fighting       | |  6.6
Axes           | |  4.6
Armour         | |  4.6
Dodging        | |  2.7
Conjurations   | |  0.8
Hexes          | |  0.8
Summonings     | |  0.8
Necromancy     | |  0.8
Translocations | |  0.8
Transmutations | |  0.8
Fire Magic     | |  0.8
Ice Magic      | |  0.8
Air Magic      | |  0.8
Earth Magic    | |  0.8
Poison Magic   | |  0.8
Invocations    | |  4.7

Action                   |  1- 3 |  4- 6 || total
-------------------------+-------+-------++-------
Melee: Hand axe          |   121 |    33 ||   154
       Bite              |     9 |     4 ||    13
Invok: Depart the Abyss  |     1 |       ||     1
  Use: Scroll            |     3 |       ||     3
       Potion            |       |     1 ||     1
Armor: Leather armour    |    49 |    29 ||    78
Dodge: Dodged            |    87 |    26 ||   113

Table legend: (Time is in decaauts)
 A = Elapsed time spent in this place.
 B = Non-inter-level travel time spent in this place.
 C = Inter-level travel time spent in this place.
 D = Time resting spent in this place.
 E = Time spent auto-exploring this place.
 F = Levels seen in this place.
 G = Mean time per level.
                   A        B        C        D        E       F      G
               +--------+--------+--------+--------+--------+-----+--------+
         Total |   2246 |   2226 |     20 |      0 |   1847 |   4 |  561.5 |
       Dungeon |   2221 |   2201 |     20 |      0 |   1827 |   3 |  740.3 |
         Abyss |     25 |     25 |      0 |      0 |     20 |   1 |   25.0 |
               +--------+--------+--------+--------+--------+-----+--------+

Top non-repeatable levels by time:
     D:1: 1298 daAuts
     D:2: 848 daAuts
     D:3: 74 daAuts
 Abyss:1: 25 daAuts
